 Dungeon Crawl Stone Soup version 0.22-a0-603-gfc1114d (webtiles) character file.

233 sking99 the Ruffian (level 5, -4/45 HPs)
             Began as a Draconian Transmuter on July 7, 2018.
             Was an Initiate of Okawaru.
             Slain by an orc
             ... wielding a +0 flail
              (11 damage)
             ... on level 3 of the Dungeon.
             The game lasted 00:04:43 (2654 turns).

sking99 the Ruffian (Draconian Transmuter)          Turns: 2654, Time: 00:04:44

Health: -4/45      AC:  6    Str: 13    XL:     5   Next: 75%
Magic:  5/8        EV: 12    Int: 14    God:    Okawaru [......]
Gold:   206        SH:  0    Dex: 11    Spells: 5/8 levels left

rFire    . . .     SeeInvis .     - Unarmed
rCold    . . .     Gourm    .   (no shield)
rNeg     . . .     Faith    .   (armour unavailable)
rPois    .         Spirit   .   (helmet restricted)
rElec    .         Reflect  .   (no cloak)
rCorr    .         Harm     .   (no gloves)
MR       .....                  p - +0 pair of boots
Stlth    +.........             (no amulet)
HPRegen  0.15/turn              (no ring)
MPRegen  0.11/turn              (no ring)

@: no status effects
A: unfitting armour, cold-blooded, AC +5
a: Renounce Religion


You were on level 3 of the Dungeon.
You worshipped Okawaru.
Okawaru was noncommittal.
You were hungry.

You visited 1 branch of the dungeon, and saw 3 of its levels.

You collected 206 gold pieces.

Inventory:

Missiles
 a - 29 arrows
Armour
 p - a +0 pair of boots (worn)
Jewellery
 g - an uncursed ring of ice {unknown}
 i - an uncursed ring of magical power {unknown}
 o - an uncursed ring of poison resistance {unknown}
Scrolls
 b - a scroll of random uselessness {unknown}
 d - 2 scrolls of teleportation {unknown}
 f - a scroll of fear {unknown}
 j - 3 scrolls of remove curse {unknown}
 k - a scroll of immolation {unknown}
 q - a scroll of amnesia {unknown}
Potions
 e - a potion of magic {unknown}
 h - 2 potions of curing {unknown}
 m - 2 potions of might {unknown}
 n - 2 potions of degeneration {unknown}
Comestibles
 c - 7 rations
 l - 11 chunks of flesh


   Skills:
 + Level 3.1 Fighting
 - Level 1.7 Dodging
 * Level 5.0 Unarmed Combat
 - Level 2.0 Spellcasting
 * Level 3.6 Transmutations


You had 5 spell levels left.
You knew the following spells:

 Your Spells              Type           Power        Failure   Level  Hunger
a - Beastly Appendage     Tmut           ##....       5%          1    ##.....
b - Sticks to Snakes      Tmut           ##......     9%          2    ###....

Your spell library contained the following spells:

 Spells                   Type           Power        Failure   Level  Hunger
 Spider Form              Tmut/Pois      #.........   34%         3    ####...
 Blade Hands              Tmut           ##........   83%         5    ######.
 Ice Form                 Ice/Tmut       #.......     75%         4    #####..


Dungeon Overview and Level Annotations

Branches:
Dungeon (3/15)

Altars:
Gozag
Okawaru

Annotations:
D:3 Grinder


Innate Abilities, Weirdness & Mutations

Your plain brown scales are hard. (AC +5)
You cannot fit into any form of body armour.
You are cold-blooded and may be slowed by cold attacks.


Message History

The orc priest hits you with an antimagic dagger.
* * * LOW HITPOINT WARNING * * *
You feel your power leaking away. The orc barely misses you.
You closely miss the orc priest.
Your tail-slap misses the orc priest.
The orc priest is severely wounded.
The orc misses you. The orc priest barely misses you.
The orc barely misses you.
You punch the orc priest!
You kill the orc priest!
Okawaru accepts your kill.
Your Unarmed Combat skill increases to level 5!
The orc misses you. The orc hits you with a falchion.
* * * LOW HITPOINT WARNING * * *
Grinder says, "Tell me all your secrets, or I'll kill you."
Grinder blinks!
You are feeling hungry.
The orc hits you with a flail!
You die...

....................# #...
o...................###...
..................#.....#
o.....................#.#
###.......######....#.#
##...........#o...#.#
######'##.....##.#....#)#
..............##'#o....)#
......^.......#.@o......#
..............#)........#
..............<.)...#...#
#########.....##.#...#..#
+........+........
#.....##[#........#
+........+.........
#........#.......
#.....###......>.


You could see 2 orcs.

Vanquished Creatures
  An orc wizard (D:3)
  An orc priest (D:3)
  Natasha (thrice) (D:2)
  3 adders (D:2)
  A worm (D:2)
  A dart slug (D:2)
  2 leopard geckos (D:1)
  10 orcs
  7 bats
  3 giant cockroaches
  5 goblins
  4 hobgoblins
  7 jackals
  3 quokkas
  A ball python (D:2)
  2 frilled lizards (D:2)
  6 kobolds
  6 rats
  A fungus (D:2)
67 creatures vanquished.

Vanquished Creatures (collateral kills)
  A rat (D:3)
1 creature vanquished.

Grand Total: 68 creatures vanquished

Notes
Turn   | Place    | Note
-------+----------+-------------------------------------------
     0 | D:1      | sking99 the Draconian Transmuter began the quest for the Orb.
     0 | D:1      | Reached XP level 1. HP: 16/16 MP: 3/3
     3 | D:1      | Noticed an electric eel
     3 | D:1      | Noticed an electric eel
    56 | D:1      | Reached XP level 2. HP: 13/23 MP: 5/5
   550 | D:1      | Reached XP level 3. HP: 16/29 MP: 6/6
   903 | D:1      | Learned a level 2 spell: Sticks to Snakes
  1048 | D:2      | Reached skill level 4 in Unarmed Combat
  1083 | D:2      | Found an iron altar of Okawaru.
  1190 | D:2      | Became a worshipper of Warmaster Okawaru
  1222 | D:2      | Noticed Natasha
  1259 | D:2      | Killed Natasha
  1259 | D:2      | Reached XP level 4. HP: 20/37 MP: 3/7
  1281 | D:2      | Noticed Natasha
  1286 | D:2      | Killed Natasha
  1367 | D:2      | Noticed Natasha
  1378 | D:2      | Killed Natasha
  1717 | D:2      | Reached XP level 5. HP: 33/42 MP: 8/8
  2249 | D:2      | Found an opulent altar of Gozag.
  2610 | D:3      | Noticed Grinder
  2617 | D:3      | Paralysed by Grinder for 6 turns
  2640 | D:3      | Reached skill level 5 in Unarmed Combat
  2654 | D:3      | Slain by an orc

Vault maps used:
D:1:      arrival_aquarium_b, dk_noncrumbling_4
D:2:      lemuel_crystal_altar, overflow_temple_1_default, first_ration,
          minmay_gold_behind_fungi, uniq_natasha
D:3:      cheibrodos_thug_alley, uniq_grinder, uniq_sigmund

Skill      XL: |  1  2  3  4  5 |
---------------+----------------+-----
Fighting       | 2 3 |  3.1
Unarmed Combat | 4 5 |  5.0
Transmutations | 3 |  3.6
Dodging        | |  1.7
Spellcasting   | |  2.0

Action                   |  1- 3 |  4- 6 || total
-------------------------+-------+-------++-------
Melee: Unarmed           |   149 |   147 ||   296
       Tailslap          |    13 |    14 ||    27
       Kick              |     3 |       ||     3
       Punch             |     1 |     3 ||     4
       Headbutt          |     1 |       ||     1
 Cast: Beastly Appendage |     3 |       ||     3
       Sticks to Snakes  |     1 |     5 ||     6
  Use: Potion            |     1 |     1 ||     2
  Eat: Chunk             |     1 |     5 ||     6
Armor: Skin              |    63 |    39 ||   102
Dodge: Dodged            |   154 |    89 ||   243

Table legend:
 A = Spawn XP
 B = Non-spawn XP
 C = Spawn XP percentage of total XP
 D = Spawn monster count
 E = Non-spawn monster count
 F = Spawn count percentage of total count
 G = Total turns spent on level
                    A         B        C        D         E        F      G
               +---------+---------+-------+---------+---------+-------+---------
         Total |       0 |     334 |   0.0 |       0 |      67 |   0.0 |  2654
               +---------+---------+-------+---------+---------+-------+---------
           D:1 |       0 |      47 |   0.0 |       0 |      26 |   0.0 |  1023
           D:2 |       0 |     179 |   0.0 |       0 |      29 |   0.0 |  1326
           D:3 |       0 |     108 |   0.0 |       0 |      12 |   0.0 |   305
               +---------+---------+-------+---------+---------+-------+---------
